 Dungeon Crawl Stone Soup version 0.30-a0-939-gc8157cb160 (webtiles) character file.

Game seed: 3437769607699779808

13129 Firecrotchwizard the Fighter (level 12, -3/96 HPs)
             Began as a Djinni Fire Elementalist on Mar 25, 2023.
             Was a Believer of Makhleb.
             Killed from afar by a raiju (8 damage)
             ... with a living lightning
             ... on level 2 of the Abyss.
             The game lasted 00:29:13 (11523 turns).

Firecrotchwizard the Fighter (DjFE)                Turns: 11523, Time: 00:29:13

Health: -3/96      AC: 13    Str:  7    XL:     12   Next: 28%
Gold:   504        EV: 13    Int: 21    God:    Makhleb [**....] SH:  0 Dex: 21

rFire   + + +      SeeInvis .    o - +7 long sword
rCold   x . .      Faith    .    (no shield)
rNeg    . . .      Spirit   .    I - +0 steam dragon scales
rPois   ∞          Reflect  .    h - +2 helmet
rElec   .          Rampage  .    l - +2 cloak
rCorr   .                        c - +1 pair of gloves {Stlth+}
Will    +....                    (boots unavailable)
Stlth   +++                      A - amulet of the acrobat
HPRegen 0.36/turn                F - ring of protection from fire {rF+, !d}
MPRegen 0.00/turn                a - +6 ring of dexterity

@: flying, very slightly contaminated
A: sickness immunity, fire resistance 2, cold vulnerability 1, float, innate
caster, HP casting, extra vitality 1
a: Renounce Religion, Minor Destruction


You were on level 2 of the Abyss.
You worshipped Makhleb.
Makhleb was pleased with you.
You visited 2 branches of the dungeon, and saw 11 of its levels.
You visited the Abyss 1 time.

You collected 504 gold pieces.

Inventory:

Hand Weapons
 o - a +7 long sword (weapon)
   (You took it off a wight on level 7 of the Dungeon)
 v - a +0 short sword of venom
   (You took it off an orc on level 3 of the Dungeon)
Missiles
 b - 5 throwing nets {!d}
 e - 20 poisoned darts
 s - 54 stones (quivered)
 w - 3 boomerangs
 y - 6 datura-tipped darts
Armour
 c - a +1 pair of gloves of stealth (worn)
   (You acquired it on level 6 of the Dungeon)
 h - a +2 helmet (worn)
   (You found it on level 1 of the Dungeon)
 l - a +2 cloak (worn)
   (You found it on level 2 of the Dungeon)
 I - +0 steam dragon scales (worn)
   (You found it on level 8 of the Dungeon)
Magical Staves
 m - a staff of earth
   (You found it on level 9 of the Dungeon)
 r - a staff of poison {rPois}
   (You found it on level 2 of the Dungeon)
Jewellery
 a - a +6 ring of dexterity (right hand)
   (You found it on level 9 of the Dungeon)
 f - a ring of fire {rF+, rC-}
   (You found it on level 9 of the Dungeon)
 A - an amulet of the acrobat (around neck)
   (You found it on level 4 of the Dungeon)
 F - a ring of protection from fire (left hand) {rF+, !d}
   (You found it on level 6 of the Dungeon)
Wands
 d - a wand of digging (5)
   (You found it on level 6 of the Dungeon)
 j - a wand of polymorph (10)
   (You found it on level 8 of the Dungeon)
 n - a wand of roots (7)
   (You found it on level 8 of the Dungeon)
 p - a wand of paralysis (8)
   (You found it on level 6 of the Dungeon)
Scrolls
 i - a scroll of identify {@r1}
 t - a scroll of amnesia
 D - 2 scrolls of blinking {!r}
 Y - 2 scrolls of teleportation {@r3}
Potions
 g - a potion of flight {unknown}
 k - 2 potions of might {unknown}
 q - 2 potions of brilliance {unknown}
 u - 3 potions of attraction {!q}
 z - a potion of cancellation {unknown}
 H - a potion of haste
 J - 6 potions of curing {@q1}
 M - 6 potions of magic
 P - 2 potions of lignification {!q}
 T - a potion of berserk rage {!q}


   Skills:
 + Level 12.6 Fighting
 - Level 2.1 Dodging
 - Level 1.5 Stealth
 + Level 10.2 Spellcasting
 + Level 6.0 Invocations


You knew the following spells:

 Your Spells              Type           Power      Damage    Failure   Level
a - Foxfire               Conj/Fire      100%       2x1d9     1%          1
b - Scorch                Fire           100%       2d10      1%          2
c - Kindle Blastsparks    Fire/Tloc/Air  100%       2d18      1%          3
d - Inner Flame           Hex/Fire       52%        N/A       1%          3
e - Flame Wave            Conj/Fire      52%        2d13      1%          4
f - Sandblast             Erth           100%       2d20      1%          1
g - Cause Fear            Hex            26%        N/A       1%          4
h - Blade Hands           Tmut           26%        N/A       2%          5
w - Passwall              Tmut/Erth      43%        N/A       1%          2
x - Mephitic Cloud        Conj/Pois/Air  52%        N/A       1%          3
Your spell library was empty.

Dungeon Overview and Level Annotations

Branches:
Dungeon (10/15)            Temple (1/1) D:7
   Lair: D:8-11         Orc: D:9-12

Altars:
Ashenzari
Cheibriados
Dithmenos
Elyvilon
Fedhas
Gozag
Makhleb
Nemelex Xobeh
Okawaru
Qazlal
Ru
Trog
Uskayaw
Wu Jian
Xom
Yredelemnul
Zin
The Shining One

Annotations:
D:2 Sigmund
D:3 2 transporters, olddryhag's ghost, weakling DsGl
D:7 exclusion: jelly
D:8 exclusion: lemure
D:9 1 runed translucent door, exclusions: cyclops, door, ugly thing and vampire mosquito, grumposus's ghost, journeyman VSBr


Innate Abilities, Weirdness & Mutations

You are immune to sickness and miasma.
You are immune to poison.
Your flesh is very heat resistant. (rF++)
You are vulnerable to cold. (rC-)
You float through the air rather than walking.
You learn spells naturally, not from books.
Your magical power is your life essence.
You have superior vitality. (+4 MHP)


Message History

The small abomination completely misses you.
You barely miss the small abomination.
The small abomination hits you but does no damage.
You hit the small abomination.
The small abomination hits you but does no damage.
A small abomination comes into view.
You hit the small abomination but do no damage.
The small abomination completely misses you.
You barely miss the small abomination. The small abomination hits you!
The small abomination hits you.
You take 12 damage, and have 63/96 hp.
You slash the small abomination!
You destroy the small abomination!
Makhleb accepts your kill.
You feel better.
The small abomination barely misses you.
You regained 2 hp, and now have 65/96 hp.
You slash the small abomination!
The small abomination barely misses you.
The small abomination hits you.
You take 1 damage, and have 64/96 hp.
You slash the small abomination!
You destroy the small abomination!
Makhleb accepts your kill.
You start resting.
A raiju comes into view.
Unknown command.
You can't see any susceptible monsters within range! (Use Z to cast anyway.)
You conjure some foxfire!
The raiju barks!
You hear a bark!
A raiju comes into view.
You take 1 damage, and have 65/96 hp.
You can't see any susceptible monsters within range! (Use Z to cast anyway.) Unknown command.
You conjure some foxfire!
The foxfire hits the raiju. x2
Flames lash the raiju.
The raiju's fire resistance burns away.
The foxfire hits the raiju.
The raiju is burned terribly!
The foxfire hits the raiju but does no damage.
You take 2 damage, and have 63/96 hp.
You conjure some foxfire!
A raiju comes into view.
The raiju bursts into living lightning!
The living lightning hits the raiju.
The raiju completely resists.
The living lightning hits you!
The raiju blinks!
You take 8 damage, and have 55/96 hp.
Flames lash the raiju.
The raiju is burned terribly!
You kill the raiju!
Makhleb accepts your kill.
You feel better.
The foxfire hits the raiju. x2
The raiju bites you but does no damage.
Your Invocations skill increases to level 6!
You regained 4 hp, and now have 59/96 hp.
You conjure some foxfire!
The raiju bites you but does no damage.
You take 1 damage, and have 58/96 hp.
Flames lash the raiju.
The raiju's fire resistance burns away.
The foxfire hits the raiju!
The raiju is burned terribly!
The foxfire hits the raiju but does no damage.
The raiju bites you! The raiju shocks you!
You take 16 damage, and have 42/96 hp.
You conjure some foxfire!
The raiju bites you. The raiju shocks you!
The raiju bursts into living lightning!
The living lightning hits your foxfire! The living lightning hits you!
* * * LOW HITPOINT WARNING * * *
The raiju blinks! x3
You take 19 damage, and have 23/96 hp.
Flames lash the raiju.
The raiju is burned terribly!
You kill the raiju!
Makhleb accepts your kill.
* * * LOW HITPOINT WARNING * * *
The foxfire hits the raiju. x2
You take 2 damage, and have 21/96 hp.
You conjure some foxfire!
* * * LOW HITPOINT WARNING * * *
The raiju closely misses you.
You take 1 damage, and have 20/96 hp.
You miscast Scorch.
You are very lightly contaminated with residual magic.
Nothing appears to happen.
* * * LOW HITPOINT WARNING * * *
The foxfire hits the raiju!
The foxfire hits the raiju.
The raiju bites you.
* * * LOW HITPOINT WARNING * * *
The raiju shocks you!
* * * LOW HITPOINT WARNING * * *
A raiju comes into view.
You take 14 damage, and have 6/96 hp.
Flames lash the raiju.
The raiju's fire resistance burns away.
The raiju barks!
* * * LOW HITPOINT WARNING * * *
You hear a roar!
The raiju bursts into living lightning!
The living lightning misses you.
The raiju blinks!
You take 2 damage, and have 4/96 hp.
Okay, then.
You hit the raiju.
The raiju bursts into living lightning!
The living lightning hits the raiju.
The raiju completely resists.
The living lightning misses you.
The raiju blinks! x3
The raiju bursts into living lightning!
The living lightning hits you!
You die...

#. .# # . #
##.####. ..
.#..##.§###
#.........#.#
#.#...h#.# .
#.....h..#
#.# # #.@#..#
#......##
...#
##...##.#.
#.# #.# ...
.# .. #... .
# # #..### #.
#.# #. # ..#
# _ . . #


You could see 2 raiju.

Vanquished Creatures
  Harold (D:9)
  A centaur warrior (D:10)
  3 two-headed ogres
  Pikel (D:8)
  2 cyclopes (D:9)
  An orange demon (Abyss:2)
  Joseph (D:8)
  2 hornets
  2 raiju (Abyss:2)
  2 vampires
  A wraith (D:10)
  A yak (shapeshifter) (Abyss:2)
  5 yaks
  5 steam dragons
  2 large abominations (Abyss:2)
  A chaos spawn (Abyss:2)
  An acid dragon (D:10)
  3 water moccasins
  3 orc warriors
  3 ice beasts
  A sky beast (D:6)
  2 black bears (D:5)
  4 phantoms
  6 centaurs
  2 kobold brigands
  7 bullfrogs
  A gnoll sergeant (D:9)
  2 scorpions
  12 wights
  12 killer bees
  A howler monkey (D:10)
  A quasit (D:7)
  A jelly (D:6)
  2 gnoll boudas
  5 orc priests
  3 sleepcaps (D:6)
  5 hounds
  4 iguanas
  8 orc wizards
  2 small abominations (Abyss:2)
  16 gnolls
  10 adders
  A shadow imp (D:7)
  5 white imps
  A howler monkey simulacrum (D:9)
  2 ufetubi
  2 dart slugs (D:2)
  26 orcs
  6 ball pythons
  7 endoplasms
  4 giant cockroaches
  9 hobgoblins
  4 jackals (D:4)
  3 quokkas
  6 bats
  5 frilled lizards
  9 goblins
  10 kobolds
  4 rats
252 creatures vanquished.

Vanquished Creatures (collateral kills)
  14 foxfires
14 creatures vanquished.

Vanquished Creatures (others)
  843 foxfires
  13 plants
856 creatures vanquished.

Grand Total: 1122 creatures vanquished

Notes
Turn   | Place    | Note
-------+----------+-------------------------------------------
     0 | D:1      | Firecrotchwizard the Djinni Fire Elementalist began the
                  | quest for the Orb.
     0 | D:1      | Firecrotchwizard set off with the following spells
                  | memorised: Foxfire, Scorch, Kindle Blastsparks, Inner
                  | Flame, Flame Wave.
     0 | D:1      | Reached XP level 1. HP: 15/15 MP: 0/0
   152 | D:1      | Reached XP level 2. HP: 19/22 MP: 0/0
   180 | D:1      | Reached skill level 1 in Fighting
   523 | D:1      | Reached XP level 3. HP: 19/27 MP: 0/0
   523 | D:1      | Learned a level 1 spell: Sandblast
   721 | D:2      | Reached skill level 2 in Fighting
   721 | D:2      | Reached skill level 3 in Spellcasting
   761 | D:2      | Reached XP level 4. HP: 29/33 MP: 0/0
   876 | D:2      | Noticed Sigmund
  1018 | D:2      | Found a faded altar of an unknown god.
  1158 | D:2      | Reached XP level 5. HP: 26/40 MP: 0/0
  1158 | D:2      | Learned a level 2 spell: Passwall
  1807 | D:3      | Reached skill level 3 in Fighting
  2034 | D:3      | Found a transporter.
  2073 | D:3      | Found a transporter.
  2076 | D:3      | Noticed olddryhag's ghost (weakling DsGl)
  2083 | D:3      | Noticed a phantom
  2443 | D:4      | Reached XP level 6. HP: 27/47 MP: 0/0
  2615 | D:4      | Reached skill level 4 in Fighting
  2615 | D:4      | Reached skill level 4 in Spellcasting
  2760 | D:4      | Reached XP level 7. HP: 15/53 MP: 0/0
  2760 | D:4      | Learned a level 3 spell: Mephitic Cloud
  3184 | D:4      | Reached skill level 5 in Fighting
  3243 | D:4      | Found a basalt altar of Yredelemnul.
  3281 | D:4      | Found an ornate altar of the Wu Jian Council.
  3552 | D:5      | Entered Level 5 of the Dungeon
  3900 | D:5      | Reached skill level 5 in Spellcasting
  3987 | D:5      | Reached XP level 8. HP: 49/60 MP: 0/0
  4367 | D:5      | Reached skill level 6 in Fighting
  4626 | D:5      | Found a snail-covered altar of Cheibriados.
  4723 | D:6      | Noticed a vampire
  4907 | D:6      | Reached skill level 7 in Fighting
  4931 | D:6      | Reached skill level 6 in Spellcasting
  4931 | D:6      | Reached XP level 9. HP: 41/68 MP: 0/0
  4931 | D:6      | Learned a level 4 spell: Cause Fear
  5121 | D:6      | Identified a scroll of acquirement
  5121 | D:6      | Acquired a +1 pair of gloves of stealth
  5395 | D:6      | Found a glowing golden altar of the Shining One.
  5397 | D:6      | Found a broken altar of Ashenzari.
  5397 | D:6      | Found an opulent altar of Gozag.
  5416 | D:6      | Found a shadowy altar of Dithmenos.
  5706 | D:6      | Reached skill level 8 in Fighting
  5976 | D:6      | Reached skill level 7 in Spellcasting
  6196 | D:7      | Found a flagged portal.
  6338 | D:7      | Reached skill level 9 in Fighting
  6513 | D:7      | Reached XP level 10. HP: 77/78 MP: 0/0
  6799 | D:7      | Found a staircase to the Ecumenical Temple.
  6809 | Temple   | Entered the Ecumenical Temple
  6894 | Temple   | Became a worshipper of Makhleb the Destroyer
  7319 | D:8      | Reached skill level 8 in Spellcasting
  7328 | D:8      | Reached skill level 10 in Fighting
  7505 | D:8      | Noticed a two-headed ogre
  7514 | D:8      | Killed a two-headed ogre
  7561 | D:8      | Noticed Joseph
  7570 | D:8      | Killed Joseph
  7930 | D:8      | Noticed Pikel
  7946 | D:8      | Killed Pikel
  7947 | D:8      | Reached skill level 11 in Fighting
  7947 | D:8      | Reached skill level 9 in Spellcasting
  7947 | D:8      | Reached XP level 11. HP: 55/87 MP: 0/0
  7947 | D:8      | Learned a level 5 spell: Blade Hands
  7963 | D:8      | Reached * piety under Makhleb
  8328 | D:8      | Found a sparkling altar of Nemelex Xobeh.
  8863 | D:9      | Reached skill level 1 in Invocations
  8926 | D:9      | Noticed Harold
  8932 | D:9      | Reached skill level 2 in Invocations
  8939 | D:9      | Killed Harold
  8940 | D:9      | Reached skill level 3 in Invocations
  9114 | D:9      | Noticed a cyclops
  9400 | D:9      | Noticed a cyclops
  9465 | D:9      | Found a runed translucent door.
  9465 | D:9      | Noticed grumposus's ghost (journeyman VSBr)
  9466 | D:9      | Noticed a manticore
  9473 | D:9      | Found a bloodstained altar of Trog.
  9749 | D:9      | Killed a cyclops
  9930 | D:9      | Killed a cyclops
  9931 | D:9      | Reached skill level 4 in Invocations
 10100 | D:9      | Noticed a cyclops
 10231 | D:9      | Noticed a two-headed ogre
 10237 | D:9      | Killed a two-headed ogre
 10238 | D:9      | Reached skill level 12 in Fighting
 10461 | D:9      | Noticed a purple ugly thing
 10542 | D:10     | Entered Level 10 of the Dungeon
 10552 | D:10     | Identified the +1 robe of Existentialism {+Inv}
 10846 | D:10     | Noticed a two-headed ogre
 10854 | D:10     | Killed a two-headed ogre
 10855 | D:10     | Reached skill level 5 in Invocations
 10855 | D:10     | Reached XP level 12. HP: 79/95 MP: 0/0
 10911 | D:10     | Reached ** piety under Makhleb
 10916 | D:10     | Noticed a centaur warrior
 10925 | D:10     | Killed a centaur warrior
 10926 | D:10     | Reached skill level 10 in Spellcasting
 11022 | Abyss:2  | Cast into level 2 of the Abyss (a wizard)
 11119 | Abyss:2  | Found a corrupted altar of Lugonu.
 11191 | Abyss:2  | Noticed a thrashing horror
 11197 | Abyss:2  | Noticed a thrashing horror
 11250 | Abyss:2  | Noticed a starcursed mass
 11272 | Abyss:2  | Noticed a thrashing horror
 11283 | Abyss:2  | Noticed a starcursed mass
 11299 | Abyss:2  | Paralysed by accursed screaming for 2 turns
 11300 | Abyss:2  | Noticed a thrashing horror
 11301 | Abyss:2  | HP: 19/96 [starcursed mass/accursed screaming (7)]
 11305 | Abyss:2  | Paralysed by accursed screaming for 2 turns
 11306 | Abyss:2  | HP: 24/96 [starcursed mass (4)]
 11308 | Abyss:2  | Found a corrupted altar of Lugonu.
 11516 | Abyss:2  | Reached skill level 6 in Invocations
 11518 | Abyss:2  | HP: 23/96 [raiju/living lightning (11)]
 11521 | Abyss:2  | HP: 6/96 [raiju (9)]
 11523 | Abyss:2  | Killed from afar by a raiju

Illustrated notes

Levels and vault maps discovered:
D:1:      psy_arrival_conway, layout_rooms
D:2:      layout_loops_ring, chequers_ecumenical_altar_lobes,
          grunt_decor_junction, corexii_item_surrounded_by_moat, uniq_sigmund
D:3:      layout_loops_ring, gammafunk_ghost_mausoleum
D:4:      layout_rooms, grunt_temple_overflow_open
D:5:      layout_loops_corners, cheibriados_altar_1
D:6:      layout_basic, chequers_temple_overflow_statue_of_worship,
          nicolae_dithmenos_shadow_blocks
D:7:      layout_cave_pools, minmay_temple_entry_crystal_x, serial_demonic,
          serial_demonic_e, serial_demonic_b, serial_demonic_f,
          serial_demonic_f, serial_demonic_c, serial_demonic_e, enter_bailey_3,
          hangedman_abyss_or_decor_jellyfish_corner
D:8:      wad_woods_pond, layout_basic, kiku_gazebo_pond_becter,
          mainiacjoe_overflow_surrounded_room, serial_bayou_pond_e, st_stairs_1,
          uniq_joseph, uniq_pikel
D:9:      minmay_tri_box, layout_stronghold, overflow_temple_1_default,
          ebering_ghost_inner_flame, uniq_harold
D:10:     minmay_the_grid_octo_2x2 [minmay_the_grid_octo_fan_narrow,
          minmay_the_grid_octo_fat_diamond,
          minmay_the_grid_octo_vomiting_pacman,
          minmay_the_grid_octo_prize_star], layout_gridville, lair_entry_dummy,
          abandoned_shop
Temple:   hellmonk_temple_beads
Abyss:2:  base:
D:8

Skill      XL: |  1  2  3  4  5  6  7  8  9 10 11 12 |
---------------+-------------------------------------+-----
Fighting       | 1 2 3 4 5 7 9 11 12 | 12.6
Spellcasting   | 3 4 5 6 7 9 10 | 10.2
Invocations    | 5 6 |  6.0
Dodging        | |  2.1
Stealth        | |  1.5

Action                     |  1- 3 |  4- 6 |  7- 9 | 10-12 || total
---------------------------+-------+-------+-------+-------++-------
  Melee: Dagger            |     3 |    33 |    73 |     1 ||   110
         Flail             |       |     4 |       |       ||     4
         Punch             |       |       |     3 |     2 ||     5
         Long sword        |       |       |       |    79 ||    79
   Cast: Foxfire           |    63 |    81 |   151 |   205 ||   500
         Scorch            |     2 |     8 |    41 |    85 ||   136
         Sandblast         |     2 |     8 |     2 |       ||    12
         Inner Flame       |       |     1 |       |    10 ||    11
         Mephitic Cloud    |       |       |     1 |       ||     1
         Flame Wave        |       |       |     3 |     4 ||     7
    Use: Scroll            |       |       |    10 |     9 ||    19
         Potion            |       |       |       |     2 ||     2
   Stab: Sleeping          |       |     2 |     1 |       ||     3
 Armour: Robe              |       |     5 |    37 |     1 ||    43
         Steam dragon scal |       |       |       |    77 ||    77
  Dodge: Dodged            |     4 |    27 |   105 |   124 ||   260

Table legend: (Time is in decaauts)
 A = Elapsed time spent in this place.
 B = Non-inter-level travel time spent in this place.
 C = Inter-level travel time spent in this place.
 D = Time resting spent in this place.
 E = Time spent auto-exploring this place.
 F = Levels seen in this place.
 G = Mean time per level.
                   A        B        C        D        E       F      G
               +--------+--------+--------+--------+--------+-----+--------+
         Total |  11550 |  11169 |    381 |   2353 |   6993 |  12 |  962.5 |
       Dungeon |  10906 |  10591 |    315 |   2044 |   6919 |  10 | 1090.6 |
        Temple |    151 |     85 |     66 |      0 |     73 |   1 |  151.0 |
         Abyss |    491 |    491 |      0 |    309 |      1 |   1 |  491.0 |
               +--------+--------+--------+--------+--------+-----+--------+

Top non-repeatable levels by time:
     D:9: 1679 daAuts
     D:8: 1566 daAuts
     D:6: 1316 daAuts
     D:5: 1234 daAuts
     D:2: 1115 daAuts
     D:7: 1062 daAuts
     D:4: 1014 daAuts
     D:3: 811 daAuts
     D:1: 615 daAuts
    D:10: 491 daAuts
 Abyss:2: 491 daAuts
  Temple: 151 daAuts

Table legend:
 A = Kills in this place as a percentage of kills in the entire game.
 B = Kills by you in this place as a percentage of kills by you in the entire game.
 C = Kills by friends in this place as a percentage of kills by friends in the entire game.
 D = Other kills in this place as a percentage of other kills in the entire game.
 E = Experience gained in this place as a percentage of experience gained in the entire game.
 F = Experience gained in this place divided by the number of levels of this place that you have seen.
                   A       B       C       D       E      F
               +-------+-------+-------+-------+-------+----------------------
         Total | 100.0 | 100.0 |   N/A |   N/A | 100.0 | 1563.0
       Dungeon |  95.6 |  95.6 |   N/A |   N/A |  89.5 | 1679.3
         Abyss |   4.4 |   4.4 |   N/A |   N/A |  10.5 | 1963.0
               +-------+-------+-------+-------+-------+----------------------
